 Dungeon Crawl Stone Soup version 0.30-b1-2-g02819fbbbe (webtiles) character file.

Game seed: 1848154291205608945

151 redmage the Digger (level 5, -3/38 HPs)
             Began as a Meteoran Earth Elementalist on Aug 8, 2023.
             Was an Initiate of Cheibriados.
             Succumbed to a kobold brigand's poison
             ... on level 5 of the Dungeon.
             The game lasted 00:07:46 (461 turns).

redmage the Digger (Meteoran Earth Elementalist)     Turns: 461, Time: 00:07:46

Health: -3/38      AC:  3    Str: 10    XL:     5   Next: 90%
Magic:  4/10       EV: 12    Int: 20    God:    Cheibriados [......]
Gold:   33         SH:  0    Dex: 15    Spells: 4/10 levels left

rFire   . . .        d - +0 dagger (holy)
rCold   . . .        (no shield)
rNeg    . . .        a - +0 robe
rPois   .            c - +0 helmet
rElec   .            (no cloak)
rCorr   .            (no gloves)
SInv    .            (no boots)
Will    .....        (no amulet)
Stlth   +            (no ring)
HPRegen 0.26/turn    (no ring)
MPRegen 0.12/turn

%: no passive effects
@: lethally poisoned (-3 -> -30), very slightly contaminated, glowing, very slow
A: sense surroundings 1, otherworldly, glowing, explore regen
a: Renounce Religion


You were on level 5 of the Dungeon.
You worshipped Cheibriados.
Cheibriados was noncommittal.
You visited 2 branches of the dungeon, and saw 6 of its levels.

You collected 33 gold pieces.

Inventory:

Hand Weapons
 d - a +0 dagger of holy wrath (weapon)
Armour
 a - a +0 robe (worn)
 c - a +0 helmet (worn)
Scrolls
 e - a scroll of poison {unknown}
 f - a scroll of blinking {unknown}
 g - a scroll of teleportation {unknown}
 h - 2 scrolls of identify {unknown}


   Skills:
 - Level 2.4 Dodging
 - Level 1.4 Stealth
 - Level 3.0 Spellcasting
 * Level 4.0 Conjurations
 - Level 1.2 Transmutations
 + Level 5.4 Earth Magic


You had 4 spell levels left.
You knew the following spells:

 Your Spells              Type           Power      Damage    Failure   Level
a - Sandblast             Erth           48%        2d12      1%          1
b - Passwall              Tmut/Erth      13%        N/A       5%          2
c - Stone Arrow           Conj/Erth      42%        3d9       6%          3

Your spell library contained the following spells:

 Spells                   Type           Power      Damage    Failure   Level
 Petrify                  Tmut/Erth      16%        N/A       34%         4
 Malign Gateway           Summ/Tloc      1%         N/A       100%        7
 Summon Horrible Things   Summ           1%         N/A       100%        8


Dungeon Overview and Level Annotations

Branches:
Dungeon (5/15) Zot: 3923   Temple (1/1) D:4 Zot: 821

Altars:
Ashenzari
Cheibriados
Gozag
Hepliaklqana
Kikubaaqudgha
Makhleb
Nemelex Xobeh
Qazlal
Ru
Vehumet
Wu Jian
Xom
Zin
The Shining One

Shops:
D:4 [

Annotations:
D:1 1 transporter


Innate Abilities, Weirdness & Mutations

You passively map a small area around you.
You are easily found by Zot.
You glow in the dark.
You regain HP and MP as you explore.


Message History

Unknown command.
Casting: Sandblast (safe; 1% risk of failure)
Confirm with . or Enter, or press ? or * to list all spells.
Aiming: Stone Arrow (dangerous; 6% risk of failure)
Press: ? - help, Shift-Dir - straight line, f - kobold brigand
Aim: a kobold brigand, wielding a +1 dagger of venom and quivering poisoned darts (64% to hit)
You miscast Stone Arrow.
You are very lightly contaminated with residual magic.
Nothing appears to happen.
You feel very sick.
Unknown command.
Casting: Stone Arrow (dangerous; 6% risk of failure)
Confirm with . or Enter, or press ? or * to list all spells.
Okay, then.
Magic courses through your body.
You feel very sick. The kobold hits you with a +0 dagger.
* * * LOW HITPOINT WARNING * * *
Casting: Stone Arrow (dangerous; 6% risk of failure)
Confirm with . or Enter, or press ? or * to list all spells.
Aiming: Stone Arrow (dangerous; 6% risk of failure)
Press: ? - help, Shift-Dir - straight line, f/p - kobold brigand
Aim: a kobold brigand, wielding a +1 dagger of venom and quivering poisoned darts (64% to hit)
The stone arrow hits the kobold brigand!!
The kobold brigand is severely wounded.
* * * LOW HITPOINT WARNING * * *
You feel very sick.
The kobold brigand hits you with a +1 dagger of venom.
* * * LOW HITPOINT WARNING * * *
You are more poisoned.
The kobold hits you with a +0 dagger.
* * * LOW HITPOINT WARNING * * *
Unknown command.
Casting: Stone Arrow (dangerous; 6% risk of failure)
Confirm with . or Enter, or press ? or * to list all spells.
Aiming: Stone Arrow (dangerous; 6% risk of failure)
Press: ? - help, Shift-Dir - straight line, f/p - kobold brigand
Aim: a kobold brigand, wielding a +1 dagger of venom and quivering poisoned darts (severely wounded, 64% to hit)
The stone arrow misses the kobold brigand.
You die...

...#...#......# *
...##.##......# ..#
....#.#....#### ... ,
##.##'##.###..# ..# * ,
.###...###....### ...# *
, , ...#._.#.)......#
#..###* ,
.###...###....#.##......
,
**.#####.###...K.......#
* ...#.#....###.K@#####
...##.##....)..K## * * ,
...*... ........# ,
..#*... #.....#.# * ,
..* ,...#.....#.'...KK.
*,* #.......')....( *
..####..'K...K. * * * ..
*.#.##.K...* , ###.#
#.... ,


You could see a kobold brigand and 2 kobolds.

Vanquished Creatures
  A kobold brigand (D:5)
  A hound (D:4)
  An orc wizard (D:5)
  A dart slug (D:4)
  2 orcs (D:5)
  3 ball pythons
  4 endoplasms
  5 giant cockroaches
  A goblin (D:1)
  A kobold (D:5)
  A bat (D:3)
  A frilled lizard (D:1)
22 creatures vanquished.

Vanquished Creatures (others)
  8 toadstools (D:5)
8 creatures vanquished.

Grand Total: 30 creatures vanquished

Notes
Turn   | Place    | Note
-------+----------+-------------------------------------------
     0 | D:1      | redmage the Meteoran Earth Elementalist began the quest for
                  | the Orb.
     0 | D:1      | Reached XP level 1. HP: 14/14 MP: 5/5
    66 | D:1      | Reached XP level 2. HP: 14/20 MP: 4/7
    67 | D:1      | Reached skill level 4 in Earth Magic
   137 | D:3      | Found an ancient bone altar of Kikubaaqudgha.
   216 | D:4      | Found a staircase to the Ecumenical Temple.
   223 | D:4      | Reached XP level 3. HP: 26/26 MP: 5/8
   226 | D:4      | Learned a level 2 spell: Passwall
   230 | D:4      | Learned a level 3 spell: Stone Arrow
   234 | Temple   | Entered the Ecumenical Temple
   265 | Temple   | Became a worshipper of Cheibriados the Contemplative
   301 | D:4      | Reached XP level 4. HP: 33/33 MP: 7/9
   311 | D:5      | Entered Level 5 of the Dungeon
   320 | D:4      | Found Fidyjym's Armour Shoppe.
   379 | D:5      | Found a broken altar of Ashenzari.
   436 | D:5      | Reached skill level 5 in Earth Magic
   448 | D:5      | Noticed a kobold brigand
   448 | D:5      | Noticed a kobold brigand
   451 | D:5      | Reached XP level 5. HP: 38/38 MP: 7/10
   457 | D:5      | Killed a kobold brigand
   460 | D:5      | HP: 1/38 [kobold/+0 dagger (2)]
   461 | D:5      | Succumbed to a kobold brigand's poison

Illustrated notes

Levels and vault maps discovered:
D:1:      spicycebolla_arrival_transporter_tutorial, layout_loops_ring,
          minmay_door_square
D:2:      layout_rooms, basic_altar, grunt_decor_clamped
D:3:      minmay_thinvault, layout_basic, lemuel_tele_altar,
          gammafunk_temple_overflow_elements, kennysheep_nondescript,
          uniq_terence
D:4:      layout_loops_ring, tgw_sif, minmay_temple_entry_grid, serial_shops,
          nicolae_shop_hallway_plus
D:5:      cheibrodos_fertilizer, layout_layer_cave,
          nicolae_elyvilon_peaceful_grove, nicolae_ashenzari_panopticon,
          nicolae_overflow_crystal_walls, serial_shops, shop
Temple:   nicolae_temple_godzebo

Skill      XL: |  1  2  3  4  5 |
---------------+----------------+-----
Spellcasting   | 3 |  3.0
Earth Magic    | 4 5 |  5.4
Conjurations   | 2 4 |  4.0
Dodging        | |  2.4
Stealth        | |  1.4
Transmutations | |  1.2

Action                     |  1- 3 |  4- 6 || total
---------------------------+-------+-------++-------
  Melee: Dagger            |       |     1 ||     1
   Cast: Sandblast         |    18 |    11 ||    29
         Passwall          |       |     3 ||     3
         Stone Arrow       |       |     2 ||     2
    Use: Potion            |       |     1 ||     1
 Armour: Robe              |     4 |       ||     4
  Dodge: Dodged            |     9 |     1 ||    10
